 Dungeon Crawl Stone Soup version 0.17.0-56-gd8de76c (webtiles) character file.

329 kosy22 the Ducker (level 6, 0/61 HPs)
             Began as a Troll Fighter on Dec 6, 2015.
             Was a Follower of Vehumet.
             Slain by a gnoll
             ... wielding a +0 spear
              (7 damage)
             ... on level 4 of the Dungeon.
             The game lasted 00:06:55 (2662 turns).

kosy22 the Ducker (Troll Fighter)                   Turns: 2662, Time: 00:06:55

Health: 0/61       AC:  5    Str: 27    XL:     6   Next: 25%
Magic:  5/5        EV:  9    Int:  4    God:    Vehumet [*.....]
Gold:   167        SH:  9    Dex:  9    Spells: 0 memorised, 5 levels left

rFire  . . .     SeeInvis .       - Unarmed
rCold  . . .     Clarity  .     a - +0 robe
rNeg   . . .     SustAt   +     b - +0 shield
rPois  .         Gourm    +     (helmet restricted)
rElec  .         Spirit   .     (no cloak)
rCorr  .         Warding  .     (gloves unavailable)
rMut   .         Stasis   .     (boots unavailable)
MR     +....                    (no amulet)
Stlth  +.........               l - ring of sustain attributes
                                f - ring of protection from magic

@: lethally poisoned (0 -> 0), somewhat resistant to hostile enchantments, very
unstealthy
A: unfitting armour, claws 3, fast metabolism 3, gourmand, regeneration 2,
shaggy fur 1, tough skin 2
a: Renounce Religion


You were on level 4 of the Dungeon.
You worshipped Vehumet.
Vehumet was aware of your devotion.
You were not hungry.

You visited 1 branch of the dungeon, and saw 4 of its levels.

You collected 167 gold pieces.

Inventory:

Missiles
 r - 13 poisoned needles
Armour
 a - a +0 robe (worn)
 b - a +0 shield (worn)
Magical Staves
 q - an uncursed staff of energy
Jewellery
 f - a ring of protection from magic (left claw)
 l - a ring of sustain attributes (right claw)
Wands
 s - a wand of digging (11)
 v - a wand of frost (25)
Scrolls
 d - a scroll of enchant weapon {unknown}
 h - 3 scrolls of identify
 k - 2 scrolls of fog
 n - a scroll of enchant armour {unknown}
 o - a scroll of fear
 t - 2 scrolls of teleportation {unknown}
 u - a scroll of random uselessness {unknown}
Potions
 c - 2 potions of might
 e - 2 potions of curing {unknown}
 g - a potion of lignification {unknown}
 i - a potion of flight {unknown}
 j - a potion of haste {unknown}
 m - a potion of mutation {unknown}
Comestibles
 p - a meat ration


   Skills:
 + Level 3.3 Fighting
 + Level 4.2 Dodging
 + Level 0.2 Stealth
 + Level 3.5 Shields
 + Level 2.8 Unarmed Combat


You had 5 spell levels left.
You didn't know any spells.

Dungeon Overview and Level Annotations

Branches:
Dungeon (4/15)
 Temple: D:4-7

Altars:
Vehumet


Innate Abilities, Weirdness & Mutations

You are too large for most types of armour.
You have claws for hands.
Your metabolism is lightning-fast.
You like to eat raw meat.
You heal very quickly.
You are covered in fur (AC +1).
You have very tough skin (AC +2).


Message History

The orc hits you. The worker ant closely misses you.
You block the gnoll's attack.
You claw the gnoll!
The gnoll is severely wounded.
The worker ant bites you. The orc closely misses you.
The gnoll hits you with a spear.
* * * LOW HITPOINT WARNING * * *
The gnoll barely misses you. The worker ant barely misses you.
You scratch the gnoll.
The gnoll is severely wounded.
You feel sick. You block the orc's attack. The gnoll barely misses you.
You block the gnoll's attack. The worker ant closely misses you.
You barely miss the gnoll.
The gnoll is severely wounded.
The orc hits you.
* * * LOW HITPOINT WARNING * * *
You block the gnoll's attack. The worker ant bites you.
* * * LOW HITPOINT WARNING * * *
The gnoll hits you with a spear!
You die...

........## .........#
.........# .........#
.....(...########
...........>..!.########
........#######.(.......
.......## #......a.....#
..###### #.....#@g...)##
....... .......#og....#
#.##### #.......w.....#
..# ##............# #...
#............# ....#
#.............# #...
#........(....# .##
............. #


You could see a worm, a worker ant, 2 gnolls and an orc.

Vanquished Creatures
  The ghost of Chiseanne the Ducker, an amateur SpTm (D:3)
  2 scorpions (D:4)
  Robin (D:2)
  A gnoll (D:4)
  4 adders (D:2)
  2 worms (D:2)
  5 giant geckos
  2 orcs
  8 bats
  9 giant cockroaches
  22 goblins
  12 hobgoblins
  3 jackals (D:2)
  A ball python (D:3)
  2 giant newts
  9 kobolds
  9 rats
93 creatures vanquished.

Notes
Turn   | Place    | Note
--------------------------------------------------------------
     0 | D:1      | kosy22 the Troll Fighter began the quest for the Orb.
     0 | D:1      | Reached XP level 1. HP: 22/22 MP: 0/0
   125 | D:1      | Reached XP level 2. HP: 29/29 MP: 1/1
   600 | D:1      | Reached XP level 3. HP: 36/36 MP: 2/2
   928 | D:2      | Reached skill level 3 in Dodging
  1091 | D:2      | Reached XP level 4. HP: 40/45 MP: 3/3
  1268 | D:2      | Noticed Robin
  1282 | D:2      | Killed Robin
  1858 | D:3      | Noticed Chiseanne's ghost (amateur SpTm)
  1874 | D:3      | Killed Chiseanne's ghost
  1874 | D:3      | Reached XP level 5. HP: 42/53 MP: 4/4
  1982 | D:3      | Found a faded altar to an unknown god.
  2013 | D:3      | Became a worshipper of Vehumet
  2013 | D:3      | Reached * piety under Vehumet
  2013 | D:3      | Offered knowledge of Flame Tongue by Vehumet.
  2235 | D:3      | Found a radiant altar of Vehumet.
  2547 | D:4      | Reached skill level 4 in Dodging
  2547 | D:4      | Reached XP level 6. HP: 47/61 MP: 5/5
  2662 | D:4      | Slain by a gnoll

Action                   |  1- 3 |  4- 6 || total
-------------------------+-------+-------++-------
Melee: Unarmed           |   104 |   173 ||   277
       Staff             |    28 |       ||    28
Evoke: Wand              |       |     1 ||     1
  Use: Scroll            |       |     7 ||     7
 Stab: Sleeping          |       |     1 ||     1
  Eat: Bread ration      |     1 |     2 ||     3
       Chunk             |     2 |     2 ||     4
       Beef jerky        |     1 |       ||     1
       Meat ration       |       |     1 ||     1
